 Dungeon Crawl Stone Soup version 0.29.0-4-gdea44cf6ec (webtiles) character file.

Game seed: 14511262704031134600

40 qw the Chopper (level 3, -2/21 HPs)
             Began as a Tengu Warper on Aug 28, 2022.
             Was an Initiate of Okawaru.
             Slain by a gnoll
             ... wielding a +0 halberd
              (11 damage)
             ... on level 2 of the Dungeon.
             The game lasted 00:00:12 (2243 turns).

qw the Chopper (Tengu Warper)                       Turns: 2243, Time: 00:00:12

Health: -2/21      AC:  3    Str: 13    XL:     3   Next: 50%
Magic:  7/7        EV: 12    Int: 13    God:    Okawaru [......]
Gold:   70         SH:  0    Dex: 13    Spells: 6/6 levels left

rFire   . . .      SeeInvis .   Y - +0 hand axe
rCold   . . .      Faith    .   (no shield)
rNeg    . . .      Spirit   .   b - +0 leather armour
rPois   .          Reflect  .   (helmet restricted)
rElec   .          Harm     .   (no cloak)
rCorr   .          Rampage  .   (no gloves)
Will    .....                   (boots unavailable)
Stlth   +.........              (no amulet)
HPRegen 0.07/turn               (no ring)
MPRegen 0.10/turn               (no ring)

@: no status effects
A: beak, talons 3
a: Renounce Religion


You were on level 2 of the Dungeon.
You worshipped Okawaru.
Okawaru was noncommittal.
You visited 1 branch of the dungeon, and saw 2 of its levels.

You collected 70 gold pieces.


Innate Abilities, Weirdness & Mutations

You have a beak for a mouth.
You have claws for feet.


   Skills:
 - Level 2.0 Fighting
 + Level 4.2 Axes
 - Level 1.0 Throwing
 - Level 1.1 Armour
 - Level 2.1 Dodging
 - Level 2.0 Spellcasting
 - Level 2.4 Translocations


You had 6 spell levels left.
You didn't know any spells.
Your spell library contained the following spells:

 Spells                   Type           Power      Damage    Failure   Level
 Blink                    Tloc           14%        N/A       19%         2
 Gell's Gravitas          Tloc           7%         N/A       36%         3
 Lesser Beckoning         Tloc           7%         N/A       36%         3
 Teleport Other           Tloc           7%         N/A       36%         3
 Manifold Assault         Tloc           7%         N/A       98%         5

Inventory:

Hand Weapons
 i - a +0 mace
 Y - a +0 hand axe (weapon)
Armour
 a - a +0 ring mail
 b - a +0 leather armour (worn)
 f - a +0 chain mail
Jewellery
 d - a ring of fire
 g - a ring of positive energy
Scrolls
 c - a scroll of immolation {unknown}
Potions
 e - a potion of haste {unknown}
 h - a potion of lignification {unknown}

Dungeon Overview and Level Annotations

Branches:
Dungeon (2/15)

Altars:
Okawaru

Annotations:
D:2 1 runed translucent door, Crazy Yiuf


Message History

g - a ring of positive energy
Enter note:
Found a stone staircase leading down.
There is a stone staircase leading down here.
A rat comes into view.
Found 6 gold pieces.
You slash the rat!
You kill the rat!
Okawaru accepts your kill.
You now have 60 gold pieces (gained 6).
You now have 70 gold pieces (gained 10).
A quokka comes into view.
Enter note:
Enter note: The quokka misses you.
You hit the quokka but do no damage. Your kick misses the quokka.
The quokka bites you.
You closely miss the quokka. You punch the quokka, but do no damage.
The quokka barely misses you.
You barely miss the quokka. You claw the quokka. You peck the quokka.
The quokka is heavily wounded.
The quokka closely misses you. The quokka misses you.
You hit the quokka.
You kill the quokka!
Okawaru accepts your kill.
You start resting.
HP restored. 2 gnolls come into view.
A gnoll is wielding a +4 whip of electrocution.
The gnoll shouts!
You hear a shout!
2237 ||| Stepping ~*~*~tactically~*~*~ (hiding).
You start waiting.
A gnoll is nearby!
The gnoll shouts!
The gnoll hits you with a +0 halberd!
Ouch! That really hurt!
You closely miss the gnoll. The gnoll hits you with a +0 halberd!
Ouch! That really hurt!
You die...

#.# #.# ##.## #.# #.#
####...## ##.####### #.#
#...###.#######.......<#
#.# ..#.#
#..........#####.# #.#
.##.###.########.# ##.##
#.# ..##...## #.#
##...## #.# #..##.##
#.###.....###.# ....###
#@##.......##.# .##..##
..g...g..>..........#
..##..##
#########........####
#..##..## #.#.....##
.#..##..# #.##...##
#..##..## #.###.##
..##..## #.....# .##..##
#####.# ### ....##
#.######.##


You could see 2 gnolls.

Vanquished Creatures
  An adder (D:2)
  A worm (D:2)
  2 dart slugs
  A bat (D:1)
  5 endoplasms (D:1)
  A goblin (D:1)
  3 hobgoblins
  2 kobolds (D:1)
  A quokka (D:2)
  2 ball pythons
  A frilled lizard (D:1)
  2 rats (D:2)
22 creatures vanquished.

Notes
Turn   | Place    | Note
-------+----------+-------------------------------------------
     0 | D:1      | qw the Tengu Warper began the quest for the Orb.
     0 | D:1      | Reached XP level 1. HP: 12/12 MP: 4/4
     0 | D:1      | 0 ||| qw: Version: 0.1-a-89-g26bdef1
     0 | D:1      | 0 ||| qw: Game counter: 541
     0 | D:1      | 0 ||| qw: Always use a shield: true
     0 | D:1      | 0 ||| qw: God list: Okawaru
     0 | D:1      | 0 ||| qw: Allow faded altars: false
     0 | D:1      | 0 ||| qw: Do Orc after D:15 true
     0 | D:1      | 0 ||| qw: Do second Lair branch before Depths: true
     0 | D:1      | 0 ||| qw: Lair rune preference: random
     0 | D:1      | 0 ||| qw: Plans: Normal
     0 | D:1      | 0 ||| PLANNING D:1-11
    71 | D:1      | Reached skill level 3 in Axes
    71 | D:1      | Reached XP level 2. HP: 11/17 MP: 6/6
   249 | D:1      | Found a faded altar of an unknown god.
   553 | D:1      | HP: 3/17 [kobold/+0 dagger (3)]
   950 | D:1      | 950 ||| DROPPING +0 club.
   951 | D:1      | 951 ||| READING 2 scrolls labelled OLEQAY PIUD.
  1052 | D:1      | 1052 ||| READING scroll labelled ELOUNE DAMY.
  1184 | D:1      | 1184 ||| DROPPING scroll of silence.
  1185 | D:1      | 1185 ||| DROPPING scroll of blinking.
  1243 | D:2      | Found a runed translucent door.
  1244 | D:2      | Noticed Crazy Yiuf
  1304 | D:2      | Found an iron altar of Okawaru.
  1314 | D:2      | HP: 4/17 [adder (3)]
  1317 | D:2      | Reached XP level 3. HP: 5/21 MP: 7/7
  1537 | D:2      | Became a worshipper of Warmaster Okawaru
  1766 | D:2      | Reached skill level 4 in Axes
  1980 | D:2      | 1980 ||| Stepping ~*~*~tactically~*~*~ (hiding).
  2237 | D:2      | 2237 ||| Stepping ~*~*~tactically~*~*~ (hiding).
  2243 | D:2      | Slain by a gnoll

Levels and vault maps discovered:
D:1:      minmay_arrival_checkered_box, layout_rooms,
          ebering_ecumenical_altar_mist, serial_park_tiny_pond,
          minmay_stone_trees_small
D:2:      minmay_alternating_diamond, layout_loops_ring, basic_altar,
          uniq_crazy_yiuf_cottage

Skill      XL: |  1  2  3 |
---------------+----------+-----
Axes           | 3 4 |  4.2
Fighting       | |  2.0
Throwing       | |  1.0
Armour         | |  1.1
Dodging        | |  2.1
Spellcasting   | |  2.0
Translocations | |  2.4

Action                   || total
-------------------------++-------
Melee: Hand axe          ||    61
       Peck              ||     7
       Kick              ||    14
       Punch             ||     1
Throw: Boomerang         ||     7
  Use: Scroll            ||     2
Armor: Leather armour    ||     8
Dodge: Dodged            ||    28

Table legend:
 A = Non-vault XP
 B = Vault XP
 C = Vault XP percentage of total XP
 D = Non-vault monster count
 E = Vault monster count
 F = Vault count percentage of total count
                 A         B        C        D         E       F
            +---------+---------+-------+---------+---------+-------
      Total |      57 |       1 |   1.7 |      21 |       1 |   4.5
            +---------+---------+-------+---------+---------+-------
        D:1 |      26 |       0 |   0.0 |      13 |       0 |   0.0
        D:2 |      31 |       1 |   3.1 |       8 |       1 |  11.1
            +---------+---------+-------+---------+---------+-------
